 Dungeon Crawl Stone Soup version 0.30.1-4-g462c640d31 (webtiles) character file.

Game seed: 3666460951727995837

29538 Gorgoleon the Nimble (level 13, 0/106 HPs)
             Began as a Merfolk Gladiator on Aug 13, 2023.
             Was a High Priest of Okawaru.
             Slain by a seven-headed hydra (8 damage)
             ... on level 3 of the Lair of Beasts on Aug 14, 2023.
             The game lasted 00:59:14 (14693 turns).

Gorgoleon the Nimble (Merfolk Gladiator)           Turns: 14693, Time: 00:59:15

Health: 0/106      AC: 12    Str: 20    XL:     13   Next: 45%
Magic:  13/15      EV: 31    Int:  7    God:    Okawaru [*****.]
Gold:   1122       SH:  7    Dex: 20    Spells: 6/12 levels left

rFire   + . .        y - +2 rapier (venom)
rCold   . . .        B - +0 buckler
rNeg    + . .        C - +0 troll leather armour {Pargi}
rPois   +            c - +0 helmet
rElec   .            i - +2 ratskin cloak {*Rats rPois rN+ Str-1 Int-1 Dex+1}
rCorr   .            (no gloves)
SInv    .            N - +0 pair of boots
Will    +....        D - amulet of regeneration
Stlth   ++++         A - +5 ring of evasion
HPRegen 1.97/turn    b - ring "Kyheclif" {rF+ Will+ Str+6 Stlth+}
MPRegen 0.14/turn

%: no passive effects
@: heroic, hasted, very quick
A: (nimble swimmer 2), mertail
a: Renounce Religion, Heroism, Finesse, Duel


You were on level 3 of the Lair of Beasts.
You worshipped Okawaru.
Okawaru was extremely pleased with you.
You visited 3 branches of the dungeon, and saw 17 of its levels.
You also visited: Sewer and Ossuary.

You collected 1167 gold pieces.
You spent 45 gold pieces at shops.

Inventory:

Hand Weapons
 y - a +2 rapier of venom (weapon)
 S - a +6 scimitar of freezing
Missiles
 d - a throwing net
 e - 2 javelins
 g - 134 stones (quivered)
 k - 40 poisoned darts
 P - 4 curare-tipped darts
Armour
 c - a +0 helmet (worn)
 i - the +2 ratskin cloak (worn) {*Rats rPois rN+ Str-1 Int-1 Dex+1}
   (You found it on level 5 of the Dungeon)

   *Rats:     When the wearer is hurt, rats may emerge from it to assist them.
   Str:       It affects your strength (-1).
   Int:       It affects your intelligence (-1).
   Dex:       It affects your dexterity (+1).
   rPois:     It protects you from poison.
   rN:        It protects you from negative energy.
 B - a +0 buckler (worn)
 C - a +0 troll leather armour (worn) {Pargi}
 N - a +0 pair of boots (worn)
Jewellery
 b - the ring "Kyheclif" (right hand) {rF+ Will+ Str+6 Stlth+}
   (You found it on level 7 of the Dungeon)

   [ring of strength]

   Str:       It affects your strength (+6).
   rF:        It protects you from fire.
   Will:      It increases your willpower.
   Stlth:     It makes you more stealthy.
 A - a +5 ring of evasion (left hand)
 D - an amulet of regeneration (around neck)
Wands
 h - a wand of polymorph (8)
 H - a wand of iceblast (42)
 K - a wand of flame (34)
 X - a wand of digging (8)
Scrolls
 a - a scroll of enchant weapon
 q - 10 scrolls of teleportation
 u - 2 scrolls of fear
 v - a scroll of magic mapping
 x - 2 scrolls of poison
 F - 3 scrolls of blinking
 R - 15 scrolls of identify
 W - 2 scrolls of fog
Potions
 f - a potion of haste
 j - a potion of mutation
 o - 5 potions of might
 p - a potion of resistance
 s - 3 potions of magic
 w - 7 potions of curing
 z - a potion of ambrosia
 E - 3 potions of brilliance
 I - a potion of berserk rage
 L - 4 potions of invisibility


   Skills:
 * Level 11.5(16.5) Fighting
 - Level 14.0(19.0) Long Blades
 * Level 3.3(8.3) Throwing
 - Level 6.0(11.0) Armour
 * Level 14.4(19.4) Dodging
 - Level 5.4(10.4) Shields
 * Level 5.4 Translocations
 * Level 3.5 Invocations
 - Level 5.0 Evocations


You had 6 spell levels left.
You knew the following spells:

 Your Spells              Type           Power      Damage    Failure   Level
a - Dispersal             Tloc           3%         N/A       100%        6

Your spell library contained the following spells:

 Spells                   Type           Power      Damage    Failure   Level
 Gell's Gravitas          Tloc           7%         N/A       21%         3
 Teleport Other           Tloc           7%         N/A       21%         3
 Sandblast                Erth           0%         2d4       52%         1
 Vhi's Electric Charge    Tloc/Air       6%         N/A       52%         3
 Passage of Golubria      Tloc           7%         N/A       54%         4
 Passwall                 Tmut/Erth      0%         N/A       67%         2
 Poisonous Vapours        Pois/Air       0%         N/A       67%         2
 Mephitic Cloud           Conj/Pois/Air  0%         N/A       88%         3
 Stone Arrow              Conj/Erth      0%         3d7       88%         3
 Cause Fear               Hex            0%         N/A       99%         4
 Petrify                  Tmut/Erth      0%         N/A       99%         4
 Alistair's Intoxication  Tmut/Pois      0%         N/A       100%        5
 Arcjolt                  Conj/Air       0%         1d10      100%        5
 Blade Hands              Tmut           0%         N/A       100%        5
 Borgnjor's Vile Clutch   Necr/Erth      0%         N/A       100%        5
 Freezing Cloud           Conj/Ice/Air   0%         6-21      100%        5
 Metabolic Englaciation   Hex/Ice        0%         N/A       100%        5
 Silence                  Hex/Air        0%         N/A       100%        5
 Eringya's Noxious Bog    Tmut/Pois      0%         N/A       100%        6
 Iron Shot                Conj/Erth      0%         9d1       100%        6
 Plasma Beam              Fire/Air       0%         2x1d11    100%        6
 Statue Form              Tmut/Erth      0%         N/A       100%        6
 Dragon Form              Tmut           0%         N/A       100%        7
 Lehudib's Crystal Spear  Conj/Erth      0%         10d2      100%        8
 Animate Armour           Summ/Erth      Unusable   N/A       N/A         4
 Dragon's Call            Summ           Unusable   N/A       N/A         9

Dungeon Overview and Level Annotations

Branches:
Dungeon (12/15)            Temple (1/1) D:7            Lair (4/5) D:9
  Swamp (0/4) Lair:2        Snake (0/4) Lair:3          Orc (0/2) D:12
  Sewer (visited)         Ossuary (visited)
  Slime: Lair:4-5

Altars:
Ashenzari
Cheibriados
Dithmenos
Elyvilon
Fedhas
Gozag
Hepliaklqana
Kikubaaqudgha
Makhleb
Nemelex Xobeh
Okawaru
Qazlal
Sif Muna
Trog
Uskayaw
Vehumet
Wu Jian
Xom
Yredelemnul
Zin
The Shining One

Shops:
D:1 (   D:4 [   D:9 (*(   D:11 *


Innate Abilities, Weirdness & Mutations

((You are very nimble when in or above water. (Stealth+, EV+, Speed+++)))
Your lower body shifts to a powerful aquatic tail in water.


Message History

The seven-headed hydra misses you.
The seven-headed hydra barely misses you.
The seven-headed hydra bites you. The seven-headed hydra misses you.
You gain the combat prowess of a mighty hero.
You hit the seven-headed hydra.
The seven-headed hydra looks as sick as possible!
The seven-headed hydra is severely wounded.
The seven-headed hydra barely misses you.
You block the seven-headed hydra's attack.
The seven-headed hydra closely misses you.
The seven-headed hydra bites you! The seven-headed hydra misses you.
The seven-headed hydra bites you!
* * * LOW HITPOINT WARNING * * *
The seven-headed hydra completely misses you.
You hit the seven-headed hydra.
The seven-headed hydra is severely wounded.
You hit the seven-headed hydra.
The seven-headed hydra is severely wounded.
The seven-headed hydra closely misses you.
The seven-headed hydra misses you.
The seven-headed hydra completely misses you.
The seven-headed hydra bites you!
* * * LOW HITPOINT WARNING * * *
The seven-headed hydra bites you.
* * * LOW HITPOINT WARNING * * *
You block the seven-headed hydra's attack.
The seven-headed hydra barely misses you.
You hit the seven-headed hydra.
The seven-headed hydra is severely wounded.
You puncture the seven-headed hydra!
The seven-headed hydra is almost dead.
You hit the seven-headed hydra.
The seven-headed hydra is almost dead.
The seven-headed hydra bites you!
* * * LOW HITPOINT WARNING * * *
The seven-headed hydra completely misses you.
You block the seven-headed hydra's attack.
The seven-headed hydra completely misses you.
The seven-headed hydra misses you. The seven-headed hydra bites you!
You die...

######.. #....... ##.......
####......). ### #...........
###.### #........... ######
##.#.PP###.........##
#...P####....................
#...........@................
#...........D................
#..................)<.......#
#...........................#
#...........................#
#...........................#
#....###.....................
#....# #.#.#........[....#...
#P..## ##.#.##..##.........#.


You could see a seven-headed hydra (extremely poisoned).

Vanquished Creatures
  Jorgrun (D:12)
  Josephine (D:11)
  Snorg (D:11)
  A boulder beetle (D:7)
  3 two-headed ogres
  Amaemon (Lair:1)
  A deep elf pyromancer (D:7)
  A manticore (D:12)
  2 black mambas (Lair:3)
  2 slime creatures (D:12)
  A gargoyle (D:12)
  An orange demon (Lair:1)
  2 cane toads (Lair:1)
  A rime drake (Lair:3)
  6 komodo dragons
  4 trolls
  A wind drake (shapeshifter) (D:7)
  2 polar bears
  4 blink frogs (Lair:2)
  2 shadows (D:12)
  7 wraiths
  24 yaks
  A basilisk (Lair:1)
  A wyvern (Lair:2)
  3 steam dragons
  7 vampire mosquitoes
  3 acid dragons
  11 water moccasins
  2 black bears
  A sky beast (D:7)
  9 orc warriors
  Pargi (Sewer)
  4 ogres
  9 centaurs
  5 wolves (Lair:3)
  2 phantoms
  7 kobold brigands
  10 bullfrogs
  8 gnoll sergeants
  5 scorpions
  16 wights
  10 killer bees
  2 electric eels (D:8)
  4 howler monkeys
  4 centaur zombies (Ossuary)
  3 hounds
  4 jellies
  3 orc priests
  3 gnoll boudas
  10 orc wizards
  Natasha (thrice) (D:3)
  2 iguanas
  2 mummies (Ossuary)
  27 gnolls
  12 adders
  A river rat (D:3)
  A white imp (D:7)
  4 ufetubi
  3 adder zombies (Ossuary)
  5 worms
  3 dart slugs
  31 orcs
  7 ball pythons
  4 bats
  7 endoplasms
  3 giant cockroaches
  4 goblins
  5 hobgoblins
  6 jackals
  16 kobolds
  6 quokkas
  13 frilled lizards
  2 goblin zombies (Ossuary)
  11 hobgoblin zombies (Ossuary)
  2 jackal zombies (Ossuary)
  8 kobold zombies (Ossuary)
  7 orc zombies (Ossuary)
  5 rats
417 creatures vanquished.

Vanquished Creatures (collateral kills)
  A gnoll bouda (D:7)
  2 iguanas
  A sleepcap (D:6)
  An orc wizard (D:6)
  A gnoll (D:7)
6 creatures vanquished.

Vanquished Creatures (others)
  A bullfrog (D:8)
  An orc wizard (D:8)
  2 orcs (D:8)
  A quokka (D:5)
5 creatures vanquished.

Grand Total: 428 creatures vanquished

Notes
Turn   | Place    | Note
-------+----------+-------------------------------------------
     0 | D:1      | Gorgoleon the Merfolk Gladiator began the quest for the
                  | Orb.
     0 | D:1      | Reached XP level 1. HP: 16/16 MP: 1/1
    30 | D:1      | Found Fioghios's Antique Weapon Shoppe.
   114 | D:1      | Reached XP level 2. HP: 22/22 MP: 2/2
   647 | D:2      | Reached skill level 5 in Long Blades
   647 | D:2      | Reached XP level 3. HP: 23/27 MP: 3/3
   813 | D:2      | Found a faded altar of an unknown god.
   966 | D:2      | Reached XP level 4. HP: 31/33 MP: 4/4
  1371 | D:2      | You fall into a shaft and drop 2 floors!
  1383 | D:4      | Found a sand-covered staircase.
  1397 | Ossuary  | Entered an ossuary
  1580 | Ossuary  | Reached XP level 5. HP: 26/38 MP: 5/5
  1620 | Ossuary  | Reached XP level 6. HP: 25/44 MP: 6/6
  2016 | D:3      | Found a glowing drain.
  2054 | Sewer    | Entered a sewer
  2112 | Sewer    | Noticed Pargi
  2124 | Sewer    | Killed Pargi
  2863 | D:3      | Noticed Natasha
  2870 | D:3      | Killed Natasha
  2966 | D:3      | Noticed Natasha
  2994 | D:3      | Killed Natasha
  2995 | D:3      | Reached XP level 7. HP: 23/50 MP: 7/7
  3322 | D:3      | Noticed Natasha
  3329 | D:3      | Killed Natasha
  3638 | D:4      | Found Meizis's Armour Shoppe.
  3648 | D:4      | Bought a +0 buckler for 45 gold pieces
  3788 | D:4      | Reached skill level 10 in Long Blades
  3883 | D:4      | Reached skill level 1 in Armour
  3996 | D:4      | Identified the +8 quarterstaff "Transmigrator" {venom,
                  | Str+2}
  4009 | D:4      | Reached skill level 1 in Shields
  4165 | D:4      | Reached XP level 8. HP: 57/57 MP: 8/8
  4192 | D:5      | Entered Level 5 of the Dungeon
  4268 | D:5      | Found the +2 ratskin cloak {*Rats rPois rN+ Str-1 Int-1
                  | Dex+1}
  6325 | D:7      | Reached skill level 5 in Shields
  6325 | D:7      | Reached XP level 9. HP: 70/70 MP: 9/9
  6335 | D:7      | Reached XP level 10. HP: 77/77 MP: 10/10
  6601 | D:7      | Noticed a deep elf pyromancer
  6618 | D:7      | Killed a deep elf pyromancer
  6628 | D:7      | Noticed a two-headed ogre
  6635 | D:7      | Killed a two-headed ogre
  6779 | D:7      | Learned a level 6 spell: Dispersal
  6882 | D:7      | Reached skill level 10 in Dodging
  6932 | D:7      | Found a staircase to the Ecumenical Temple.
  6959 | Temple   | Entered the Ecumenical Temple
  7132 | Temple   | Became a worshipper of Warmaster Okawaru
  7235 | D:7      | Noticed a boulder beetle
  7239 | D:7      | Reached skill level 5 in Armour
  7255 | D:7      | Killed a boulder beetle
  7256 | D:7      | Reached XP level 11. HP: 86/86 MP: 11/11
  7304 | D:7      | Identified the ring "Kyheclif" {rF+ Will+ Str+6 Stlth+}
  8045 | D:8      | Reached * piety under Okawaru
  8046 | D:8      | Reached skill level 1 in Invocations
  8046 | D:8      | Reached skill level 1 in Evocations
  8228 | D:8      | Reached skill level 1 in Translocations
  8762 | D:9      | Reached ** piety under Okawaru
  8837 | D:9      | Identified the staff of poison "Jaunloeg" {Fragile rElec
                  | rPois Will- Stlth+}
  9258 | D:9      | Found a staircase to the Lair.
  9350 | D:9      | Found Byimuru's Antique Weapon Emporium.
  9489 | D:9      | Found Ykif's Weapon Emporium.
  9558 | D:9      | Reached *** piety under Okawaru
  9625 | D:9      | Found Oneupn's Assorted Antiques.
  9726 | D:10     | Entered Level 10 of the Dungeon
  9844 | D:10     | Noticed a two-headed ogre
  9852 | D:10     | Killed a two-headed ogre
  9853 | D:10     | Reached skill level 10 in Fighting
  9948 | D:10     | Reached XP level 12. HP: 90/97 MP: 11/13
  9973 | D:10     | Reached **** piety under Okawaru
 10237 | D:10     | Found a snail-covered altar of Cheibriados.
 10727 | D:11     | Found Beav Vec's General Store.
 10841 | D:11     | Noticed Josephine
 10856 | D:11     | Killed Josephine
 11081 | D:11     | Noticed Snorg
 11099 | D:11     | Killed Snorg
 11099 | D:11     | Received a gift from Okawaru
 11805 | D:12     | Noticed a two-headed ogre
 11807 | D:12     | Noticed Jorgrun
 11811 | D:12     | Killed a two-headed ogre
 11831 | D:12     | Killed Jorgrun
 11831 | D:12     | Reached ***** piety under Okawaru
 11832 | D:12     | Reached skill level 5 in Evocations
 11978 | D:12     | Reached skill level 5 in Translocations
 12234 | D:12     | Found a staircase to the Orcish Mines.
 12572 | Lair:1   | Entered Level 1 of the Lair of Beasts
 12656 | Lair:1   | Reached XP level 13. HP: 104/104 MP: 14/14
 12702 | Lair:1   | Noticed Amaemon
 12751 | Lair:1   | Killed Amaemon
 12751 | Lair:1   | Identified the +5 halberd of Severance {drain, rPois}
                  | (Okawaru gifted it to you on level 1 of the Lair of Beasts)
 12751 | Lair:1   | Received a gift from Okawaru
 13038 | Lair:1   | You fall into a shaft and drop 1 floor!
 13582 | Lair:2   | Found a staircase to the Swamp.
 14262 | Lair:3   | Found a staircase to the Snake Pit.
 14538 | Lair:3   | Reached ****** piety under Okawaru
 14693 | Lair:3   | Slain by a seven-headed hydra

Illustrated notes

Levels and vault maps discovered:
D:1:      minmay_arrival_solitary_statue, layout_basic, serial_curves,
          eino_curves_02, eino_curves_04, eino_curves_02, serial_shops,
          nicolae_shop_tiny_glass, minmay_tetromino_t2
D:2:      layout_loops_corners, shapermc_ecumenical_altar_starsandcircs,
          minmay_vboxes
D:3:      layout_loops_ring, portal_sewer_entry_a, uniq_natasha
D:4:      nicolae_cairo_tiling_large_dashed, layout_basic,
          nicolae_ossuary_entry_monument, serial_shops,
          nicolae_shop_pleasant_corner_grove, grunt_decor_arrowhead
D:5:      layout_gridville, lemuel_flamethrower_2
D:6:      layout_loops_ring
D:7:      minmay_the_grid_plus [minmay_the_grid_outer_diamond,
          minmay_the_grid_paths, minmay_the_grid_embedded,
          minmay_the_grid_minigrid_small_alt, minmay_the_grid_prize_trominoes],
          layout_cave_pools, temple_green
D:8:      minmay_skewed_foursquare, layout_loops_ring, serial_bayou,
          serial_bayou_pond_d, serial_bayou_pond_c, serial_bayou_pond_d,
          serial_bayou_shore_a
D:9:      layout_loops_cross, dpeg_oklobed_lair, serial_shops, shop, shop, shop,
          kennysheep_pointless_box, minmay_mirror_moons_of_madness
D:10:     layout_loops_cross, slow_altar_2
D:11:     layout_loops_ring, serial_shops,
          nicolae_shop_temple_entry_statues_fountains, uniq_snorg,
          uniq_josephine
D:12:     layout_basic, kennysheep_orc_monster_closet_entryway,
          chequers_serial_rivers_micro_a, uniq_jorgrun
Temple:   mainiacjoe_temple_archimedes_tessellation
Lair:1:   layout_long_grid, amcnicky_mini_pool_medium, uniq_amaemon
Lair:2:   layout_gridlike, swamp_mist
Lair:3:   layout_hall_layers, minmay_snake_entry_six_corridors
Lair:4:   layout_layer_cave, disabler_island, lemuel_fruit_fields

Skill      XL: |  1  2  3  4  5  6  7  8  9 10 11 12 13 |
---------------+----------------------------------------+-----
Long Blades    | 4 5 6 7 9 10 13 14 | 14.0
Armour         | 1 4 5 6 |  6.0
Shields        | 1 5 |  5.4
Fighting       | 6 8 10 11 | 11.5
Dodging        | 7 10 11 13 14 | 14.4
Invocations    | 2 3 |  3.5
Evocations     | 2 5 |  5.0
Translocations | 2 5 |  5.4
Throwing       | 3 |  3.3

Action                     |  1- 3 |  4- 6 |  7- 9 | 10-12 | 13-15 || total
---------------------------+-------+-------+-------+-------+-------++-------
  Melee: Long sword        |   106 |   266 |   277 |   316 |       ||   965
         Punch             |       |     2 |     3 |       |       ||     5
         Tailslap          |       |     3 |       |       |       ||     3
         Scimitar          |       |       |       |   469 |   171 ||   640
         Rapier            |       |       |       |       |    11 ||    11
  Throw: Stone             |     1 |       |       |    21 |     6 ||    28
         Dart              |       |     4 |       |    10 |     7 ||    21
         Throwing net      |       |     1 |       |     1 |       ||     2
 Invoke: Heroism           |       |       |       |     1 |     2 ||     3
    Use: Scroll            |       |     4 |    16 |     7 |     2 ||    29
         Potion            |       |     5 |     1 |     5 |     1 ||    12
   Stab: Sleeping          |     3 |     2 |     3 |     1 |     3 ||    12
         Held in net/web   |       |     1 |       |     1 |       ||     2
         Confused          |       |       |       |     2 |       ||     2
         Petrifying        |       |       |       |     2 |       ||     2
         Paralysed         |       |       |       |     1 |       ||     1
         Distracted        |       |       |       |       |     1 ||     1
 Armour: Leather armour    |    31 |    88 |     9 |       |       ||   128
         Troll leather arm |       |       |    50 |    94 |    13 ||   157
  Dodge: Dodged            |    87 |   192 |   131 |   460 |   151 ||  1021
  Block: Buckler           |       |       |    40 |   180 |    40 ||   260
